 Dungeon Crawl Stone Soup version 0.18-a0-1654-ge73a678 (webtiles) character file.

128 Oddball22 the Bolt Thrower (level 5, -2/28 HPs)
             Began as a Vine Stalker Hunter on Mar 30, 2016.
             Slain by an orc wizard
             ... wielding a +0 dagger
              (3 damage)
             ... on level 3 of the Dungeon.
             The game lasted 00:04:26 (2065 turns).

Oddball22 the Bolt Thrower (Vine Stalker Hunter)    Turns: 2065, Time: 00:04:28

Health: -2/28      AC:  3    Str: 16    XL:     5   Next: 11%
Magic:  0/6        EV: 13    Int: 11    God:
Gold:   107        SH:  0    Dex: 16    Spells: 0 memorised, 4 levels left

rFire  + . .     SeeInvis .     b - +0 short sword
rCold  x . .     Gourm    .     c - +0 leather armour
rNeg   . . .     Faith    .     (no shield)
rPois  .         Spirit   +     (helmet restricted)
rElec  +         Dismiss  .     (no cloak)
rCorr  .         Reflect  .     (no gloves)
SustAt .         Harm     .     (no boots)
MR     .....                    (no amulet)
Stlth  ++........               (no ring)
                                r - ring of fire

@: not resistant to hostile enchantments, unstealthy
A: fangs 2, horns 1, regeneration 1, electricity resistance, strong 1, magic
shield, antimagic bite, no device heal 3, rot immunity
a: no special abilities


You were on level 3 of the Dungeon.
You were not hungry.

You visited 1 branch of the dungeon, and saw 3 of its levels.

You collected 107 gold pieces.

Inventory:

Hand Weapons
 a - a +1 hand crossbow
 b - a +0 short sword (weapon)
Missiles
 d - 45 bolts
Armour
 c - a +0 leather armour (worn)
Jewellery
 r - a ring of fire (left hand)
Scrolls
 e - a scroll of random uselessness {unknown}
 g - 2 scrolls of remove curse {unknown}
 h - 2 scrolls of fear {unknown}
 k - 2 scrolls of teleportation {unknown}
 m - a scroll of enchant weapon {unknown}
 n - 2 scrolls of recharging {unknown}
 p - 2 scrolls of identify {unknown}
 q - a scroll of magic mapping {unknown}
Potions
 o - a potion of haste {unknown}
Comestibles
 f - 3 bread rations
 i - 3 beef jerkies
 j - a meat ration
 l - 5 chunks of flesh


   Skills:
 * Level 3.1 Fighting
 + Level 4.3 Crossbows
 + Level 2.7 Dodging
 - Level 1.2 Stealth


You had 4 spell levels left.
You didn't know any spells.

Dungeon Overview and Level Annotations

Branches:
Dungeon (3/15)

Altars:


Innate Abilities, Weirdness & Mutations

You have extremely sharp teeth.
Your natural rate of healing is unusually fast.
When hurt, damage is shared between your health and your magic reserves.
Your bite disrupts and absorbs the magic of your enemies.
Potions and wands cannot restore your health.
You are immune to rotting.
You have a pair of small horns on your head.
You are resistant to electric shocks.
Your muscles are strong. (Str +2)


Message History

The orc barely misses you. The orc wizard closely misses you.
Unknown command.
You closely miss the orc wizard. Your headbutt misses the orc wizard.
Your bite misses the orc wizard.
The orc wizard is lightly wounded.
The orc wizard looks braver for a moment.
The orc closely misses you.
You barely miss the orc wizard. Your bite misses the orc wizard.
The orc wizard is lightly wounded.
The orc wizard hits you with a dagger.
* * * LOW HITPOINT WARNING * * *
The orc closely misses you. The orc wizard barely misses you.
Some of the chunks of flesh in your inventory have rotted away.
You hit the orc. Your headbutt misses the orc.
The orc is lightly wounded.
The orc wizard hits you but does no damage.
The orc hits you with a short sword.
* * * LOW HITPOINT WARNING * * *
The orc wizard hits you with a dagger.
You die...

########.###.########....<...
##.#.†# #.......# ##...#####
#.......# #.......# ##.#.####
#.####..# #....... #.# #..#
###.#### ######.# #..# #)# ##
o......####..#######.###.
#......o@o.........#.##.#
...$.....##..#####.#.###.
##.#####.##......#.#.####
#)#..........#...#
##.#..####..#..##.#
#.#........###.##..
##.#..####..#.##.÷(
###..####......†.÷
#.#...........##


You could see an orc wizard and an orc.

Vanquished Creatures
  3 gnolls (D:2)
  4 adders
  A worm (D:2)
  2 dart slugs
  3 giant geckos
  An orc (D:3)
  2 giant cockroaches
  7 goblins
  3 hobgoblins
  5 jackals
  4 kobolds
  3 quokkas
  6 bats
  A giant newt (D:2)
  8 rats
53 creatures vanquished.

Notes
Turn   | Place    | Note
--------------------------------------------------------------
     0 | D:1      | Oddball22 the Vine Stalker Hunter began the quest for the Orb.
     0 | D:1      | Reached XP level 1. HP: 11/11 MP: 2/2
   205 | D:1      | Reached XP level 2. HP: 15/15 MP: 3/3
   801 | D:2      | Reached XP level 3. HP: 14/19 MP: 4/4
   948 | D:2      | Gained mutation: You have a pair of small horns on your head. [potion of mutation]
   948 | D:2      | Gained mutation: Your muscles are strong. (Str +2) [potion of mutation]
   948 | D:2      | Gained mutation: You are resistant to electric shocks. [potion of mutation]
   952 | D:2      | Reached skill level 4 in Crossbows
   958 | D:2      | Reached XP level 4. HP: 7/23 MP: 5/5
  1845 | D:3      | Reached XP level 5. HP: 25/28 MP: 6/6
  2065 | D:3      | HP: 1/28 [orc/short sword (3)]
  2065 | D:3      | Slain by an orc wizard

Vault maps used:
D:1:      dpeg_arrival_rhombi
D:2:      first_bread, kennysheep_generic_room_5
D:3:      fedhas_altar_fruit_tree, uniq_crazy_yiuf_cottage

Skill      XL: |  1  2  3  4 |
---------------+-------------+-----
Fighting       | 2 3 |  3.1
Dodging        | 2 |  2.7
Crossbows      | 4 |  4.3
Stealth        | |  1.2

Action                   |  1- 3 |  4- 6 || total
-------------------------+-------+-------++-------
Melee: Short sword       |    98 |    88 ||   186
  Use: Potion            |     3 |       ||     3
 Stab: Sleeping          |     2 |     2 ||     4
  Eat: Chunk             |       |     4 ||     4
